 Dungeon Crawl Stone Soup version 0.31.0 (webtiles) character file.

Game seed: 2983221923040252666

183 Warped the Ruffian (level 5, -5/27 HPs)
             Began as a Vine Stalker Fighter on Jan 20, 2024.
             Slain by an ogre
             ... wielding a +0 giant club
              (26 damage)
             ... on level 4 of the Dungeon.
             The game lasted 00:02:59 (2396 turns).

Warped the Ruffian (Vine Stalker Fighter)           Turns: 2396, Time: 00:03:00

Health: -5/27      AC:  9    Str: 21    XL:     5   Next: 62%
Magic:  0/6        EV:  9    Int:  8    God:
Gold:   134        SH:  5    Dex: 19    Spells: 4/4 levels left

rFire   . .          .
                       - Unarmed
rCold   . . .        b - +0 buckler
rNeg    . . .        a - +0 scale mail
rPois   .            w - +1 helmet
rElec   .            (no cloak)
rCorr   .            e - +0 pair of gloves
SInv    .            (no boots)
Will    .....        (no amulet) Stlth
                     s - +6 ring of dexterity
HPRegen 1.04/turn    (no ring)
MPRegen 0.10/turn

%: guardian spirit
@: studying Earth Magic
A: fangs 2, regeneration 1, magic shield, antimagic bite, no potion heal 2
a: no special abilities


You were on level 4 of the Dungeon.
You visited 2 branches of the dungeon, and saw 5 of its levels.

You collected 134 gold pieces.

Inventory:

Hand Weapons
 i - a +0 dagger
 n - a +0 arbalest
 q - a +0 hand axe
 y - a +1 flail of holy wrath
 A - a +2 short sword of venom
 B - a +0 war axe
Missiles
 d - 38 stones (quivered)
 h - 2 curare-tipped darts
 z - 2 boomerangs
 E - 5 poisoned darts
Armour
 a - a +0 scale mail (worn)
 b - a +0 buckler (worn)
 e - a +0 pair of gloves (worn)
 g - an orb of light
 w - a +1 helmet (worn)
Jewellery
 j - a ring of ice
 s - a +6 ring of dexterity (left hand)
Talismans
 l - a maw talisman
Wands
 r - a wand of iceblast (13)
 v - a wand of digging (5)
Scrolls
 f - a scroll of torment {unknown}
 k - 3 scrolls of identify {unknown}
 m - a scroll of amnesia {unknown}
 p - a scroll of immolation {unknown}
 t - 2 scrolls of poison {unknown}
 u - 2 scrolls of blinking {unknown}
 x - a scroll of summoning {unknown}
 C - a scroll of silence {unknown}
 D - a scroll of fear {unknown}
Potions
 c - a potion of might
 o - a potion of lignification {unknown}


   Skills:
 - Level 2.6 Fighting
 - Level 2.4 Armour
 - Level 2.6 Shields
 + Level 5.7 Unarmed Combat


You had 4 spell levels left.
You didn't know any spells.
Your spell library contained the following spells:

 Spells                   Type           Power      Damage    Failure   Level
 Apportation              Tloc           0%         N/A       83%         1
 Necrotise                Necr           0%         1d4       83%         1
 Sting                    Conj/Alch      0%         1d3       83%         1
 Summon Small Mammal      Summ           0%         N/A       83%         1
 Ensorcelled Hibernation  Hex/Ice        0%         N/A       92%         2
 Fugue of the Fallen      Necr           0%         N/A       99%         3
 Anguish                  Hex/Necr       0%         N/A       100%        4


Dungeon Overview and Level Annotations

Branches:
Dungeon (4/15)             Temple (1/1) D:4

Altars:
Ashenzari
Dithmenos
Elyvilon
Makhleb
Qazlal
Ru
Sif Muna
Trog
Xom
The Shining One


Innate Abilities, Weirdness & Mutations

You have extremely sharp teeth.
Your natural rate of healing is unusually fast.
When hurt, damage is shared between your health and your magic reserves.
Your bite disrupts and absorbs the magic of your enemies.
Potions cannot restore your health.


Message History

A quokka is nearby!
A quokka is nearby!
You punch the quokka!
You kill the quokka!
You see here a quokka corpse.
As you open the door, it creaks loudly!
An endoplasm comes into view.
The endoplasm quivers.
The endoplasm closely misses you.
There is an open door here.
An endoplasm is nearby!
You hit the endoplasm.
You kill the endoplasm!
You open the door.
Found a stone staircase leading down.
No target in view!
No target in view!
No target in view!
There is an open door here.
As you open the door, it creaks loudly!
An orc and an ogre come into view.
You hear an angry hiss.
You hear a shout!
The orc throws a boomerang.
The boomerang barely misses you.
The orc throws a boomerang.
The boomerang barely misses you.
There is an open door here.
There are monsters nearby!
The ogre hits you with a +0 giant club!
You punch the ogre!
The ogre is moderately wounded.
An adder comes into view.
You barely miss the ogre.
The ogre is moderately wounded.
The ogre barely misses you. The orc hits you but does no damage.
You barely miss the ogre. You bite the ogre. You drain its power.
You feel invigorated.
The ogre is heavily wounded.
The orc closely misses you.
The ogre hits you with a +0 giant club!!
Ouch! That really hurt!
You die...

#......######..#######
#......'...##..##
#......#.........
########..>....#
#........##
#.......... ###
###'###....
.....##...## .##
......o@S..# #
..##..O###..... #..#
..... #..# ...... #..
..... ## .....


You could see an ogre, an adder and an orc.

Vanquished Creatures
  A black bear (D:3)
  3 adders (D:3)
  6 orcs (D:4)
  4 endoplasms
  2 giant cockroaches (D:4)
  8 goblins
  5 hobgoblins
  6 jackals
  2 quokkas
  4 ball pythons
  3 bats
  A frilled lizard (D:1)
  4 kobolds
  6 rats
55 creatures vanquished.

Notes
Turn   | Place    | Note
-------+----------+-------------------------------------------
     0 | D:1      | Warped the Vine Stalker Fighter began the quest for the
                  | Orb.
     0 | D:1      | Reached XP level 1. HP: 11/11 MP: 2/2
   267 | D:1      | Reached XP level 2. HP: 11/16 MP: 0/3
   466 | D:1      | Found a faded altar of an unknown god.
   580 | D:1      | Reached skill level 3 in Unarmed Combat
  1065 | D:2      | Reached XP level 3. HP: 19/19 MP: 4/4
  1436 | D:3      | Reached skill level 4 in Unarmed Combat
  1445 | D:3      | Noticed a black bear
  1458 | D:3      | Killed a black bear
  1459 | D:3      | Reached skill level 5 in Unarmed Combat
  1459 | D:3      | Reached XP level 4. HP: 18/23 MP: 1/5
  1459 | D:3      | Reached XP level 5. HP: 21/27 MP: 1/6
  2098 | D:4      | Found a staircase to the Ecumenical Temple.
  2155 | Temple   | Entered the Ecumenical Temple
  2390 | D:4      | Noticed an ogre
  2396 | D:4      | Slain by an ogre

Illustrated notes

Levels and vault maps discovered:
D:1:      minmay_arrival_doors, layout_basic, shapermc_ecumenical_altar_pompeii
D:2:      layout_rooms
D:3:      layout_basic, minmay_misc_feat_hallway, minmay_misc_feat_four_crosses
D:4:      layout_gridville, minmay_temple_entry_slanted, minmay_cupped,
          uniq_ijyb, uniq_blork_the_orc
Temple:   zaba_magenta_temple

Skill      XL: |  1  2  3 |
---------------+----------+-----
Unarmed Combat | 3 5 |  5.7
Fighting       | |  2.6
Armour         | |  2.4
Shields        | |  2.6

Action                     |  1- 3 |  4- 6 || total
---------------------------+-------+-------++-------
  Melee: Unarmed           |    89 |    45 ||   134
         Bite              |    15 |    11 ||    26
    Use: Potion            |     1 |       ||     1
 Armour: Scale mail        |    60 |    28 ||    88
  Dodge: Dodged            |    39 |    20 ||    59
  Block: Buckler           |    19 |    12 ||    31
